 Dungeon Crawl Stone Soup version 0.30-a0-639-g3916f1956a (webtiles) character file.

Game seed: 17263664748749039127

2738 drugrobin the Grappler (level 9, -2/68 HPs)
             Began as a Demigod Delver on Jan 15, 2023.
             Succumbed to a killer bee's poison
             ... on level 8 of the Dungeon.
             The game lasted 00:25:56 (8267 turns).

drugrobin the Grappler (Demigod Delver)             Turns: 8267, Time: 00:25:56

Health: -2/68      AC:  8    Str: 21    XL:     9   Next: 17%
Magic:  11/11      EV: 10    Int: 12    God:
Gold:   202        SH:  0    Dex: 19    Spells: 3/8 levels left

rFire   . . .      SeeInvis .      - Unarmed
rCold   . . .      Faith    .    (no shield)
rNeg    . . .      Spirit   .    m - +0 scale mail
rPois   .          Reflect  .    (no helmet)
rElec   .          Harm     .    (no cloak)
rCorr   .          Rampage  .    t - +0 pair of gloves
Will    .....                    F - +0 pair of boots
Stlth   ++                       H - amulet of magic regeneration
HPRegen 0.31/turn                (no ring)
MPRegen 0.52/turn                (no ring)

@: lethally poisoned (-2 -> -34)
A: high MP 1, forlorn, divine attributes
a: no special abilities


You were on level 8 of the Dungeon.
You visited 2 branches of the dungeon, and saw 9 of its levels.

You collected 202 gold pieces.

Inventory:

Hand Weapons
 b - a +0 arbalest
 c - a +2 heavy hand axe
 d - a +0 falchion of venom
 G - a +0 sling
Missiles
 e - 9 boomerangs
 p - 12 poisoned darts
Armour
 a - a +0 leather armour
 i - a +0 ring mail
 m - a +0 scale mail (worn)
 t - a +0 pair of gloves (worn)
 v - an orb of wrath
 F - a +0 pair of boots (worn)
Jewellery
 H - an amulet of magic regeneration (around neck)
Wands
 f - a wand of digging (2)
 j - a wand of charming (1)
 C - a wand of mindburst (2)
 D - a wand of flame (1)
Scrolls
 h - 2 scrolls of fog
 k - 6 scrolls of teleportation {unknown}
 o - 9 scrolls of identify {unknown}
 q - a scroll of magic mapping
 r - 2 scrolls of vulnerability {unknown}
 w - a scroll of amnesia {unknown}
 x - 4 scrolls of fear
 y - a scroll of acquirement {unknown}
 B - a scroll of brand weapon {unknown}
 I - a scroll of blinking {unknown}
 J - a scroll of noise {unknown}
Potions
 g - 6 potions of curing
 l - a potion of degeneration {unknown}
 n - 2 potions of berserk rage {unknown}
 s - 3 potions of brilliance {unknown}
 u - a potion of magic {unknown}
 z - a potion of resistance {unknown}
 E - a potion of ambrosia {unknown}
Miscellaneous
 A - a piece from Xom's chessboard (15/15)


   Skills:
 + Level 2.8 Fighting
 - Level 1.7 Dodging
 - Level 4.5 Stealth
 * Level 11.3 Unarmed Combat
 + Level 3.5 Transmutations


You had 3 spell levels left.
You knew the following spells:

 Your Spells              Type           Power      Damage    Failure   Level
a - Blade Hands           Tmut           4%         N/A       99%         5

Your spell library contained the following spells:

 Spells                   Type           Power      Damage    Failure   Level
 Magic Dart               Conj           0%         1d3       67%         1
 Searing Ray              Conj           0%         2d4       82%         2
 Ozocubu's Armour         Ice            0%         N/A       96%         3
 Portal Projectile        Hex/Tloc       0%         N/A       96%         3
 Tukima's Dance           Hex            0%         N/A       96%         3
 Fulminant Prism          Conj/Hex       0%         3d5       100%        4
 Ozocubu's Refrigeration  Ice            0%         4d7       100%        7


Dungeon Overview and Level Annotations

Branches:
Dungeon (8/15)             Temple (1/1) D:4
   Lair: D:8-11

Annotations:
D:4 3 runed translucent doors, Persephone's ghost, amateur MiHu


Innate Abilities, Weirdness & Mutations

You have an increased reservoir of magic. (+10% MP)
You shall have no god before yourself.
Your divine heritage dramatically boosts your attributes as you level up.


Message History

You hit the killer bee.
The killer bee is moderately wounded.
You feel very sick. The killer bee stings you.
You are more poisoned.
The killer bee poisons you! The killer bee barely misses you.
You miss the killer bee.
The killer bee is moderately wounded.
* * * LOW HITPOINT WARNING * * *
You feel very sick.
A killer bee comes into view.
The killer bee barely misses you.
The killer bee buzzes angrily.
You punch the killer bee!
The killer bee is severely wounded.
* * * LOW HITPOINT WARNING * * *
You feel very sick.
You hear an angry buzzing noise.
The killer bee closely misses you. The killer bee stings you.
* * * LOW HITPOINT WARNING * * *
You are more poisoned.
The killer bee poisons you!
Unknown command.
Unknown command.
You miss the killer bee.
The killer bee is severely wounded.
* * * LOW HITPOINT WARNING * * *
You feel very sick. The killer bee stings you.
* * * LOW HITPOINT WARNING * * *
You are more poisoned.
The killer bee poisons you! The killer bee stings you.
* * * LOW HITPOINT WARNING * * *
Unknown command.
Unknown command.
Aiming: Charm
Press: ? - help, Shift-Dir - straight line, f - killer bee
Aim: a killer bee (severely wounded, chance to affect: 57%)
The killer bee resists with significant effort.
You die...

#######
#######.......
#.@y.y........
#.#####.###.##
#.# .# #.# .#
#.# .# #.# .#
#.# y# #.# y.
#.# .#


You could see 2 killer bees.

Vanquished Creatures
  Sigmund (D:6)
  A water moccasin (D:7)
  3 ice beasts (D:6)
  A black bear (D:5)
  An orc warrior (D:7)
  2 ogres
  2 sky beasts
  A centaur (D:7)
  2 kobold brigands
  2 necrophages (D:6)
  3 scorpions
  3 bullfrogs
  2 killer bees (D:8)
  3 hounds
  2 gnoll boudas
  3 orc priests
  2 jellies
  Ijyb (D:3)
  2 iguanas
  2 orc wizards
  21 gnolls
  10 adders
  A shadow imp (D:7)
  2 white imps
  2 ufetubi (D:6)
  3 dart slugs (D:4)
  23 orcs
  11 endoplasms
  2 giant cockroaches (D:1)
  3 goblins
  5 hobgoblins
  3 jackals (D:2)
  13 kobolds
  4 quokkas
  6 ball pythons
  7 bats
  A frilled lizard (D:1)
  5 rats
161 creatures vanquished.

Vanquished Creatures (collateral kills)
  A hobgoblin (D:1)
1 creature vanquished.

Vanquished Creatures (others)
  4 plants (D:1)
4 creatures vanquished.

Grand Total: 166 creatures vanquished

Notes
Turn   | Place    | Note
-------+----------+-------------------------------------------
     0 | D:5      | drugrobin the Demigod Delver began the quest for the Orb.
     0 | D:5      | Reached XP level 1. HP: 18/18 MP: 3/3
    14 | D:5      | Noticed a hound
    74 | D:4      | Found a staircase to the Ecumenical Temple.
    79 | Temple   | Entered the Ecumenical Temple
    88 | Temple   | Reached skill level 2 in Unarmed Combat
   237 | D:4      | Noticed an orc priest
   286 | D:4      | Reached XP level 2. HP: 24/25 MP: 4/4
   440 | D:4      | Reached skill level 3 in Unarmed Combat
   440 | D:4      | Reached XP level 3. HP: 22/30 MP: 5/5
   505 | D:4      | Noticed a scorpion
   534 | D:4      | Reached skill level 4 in Unarmed Combat
   660 | D:3      | Noticed Ijyb
   708 | D:3      | Killed Ijyb
   709 | D:3      | Reached XP level 4. HP: 18/37 MP: 6/6
  1202 | D:3      | Reached skill level 5 in Unarmed Combat
  1297 | D:2      | Reached XP level 5. HP: 42/42 MP: 7/7
  2603 | D:2      | Reached skill level 6 in Unarmed Combat
  2921 | D:3      | Reached XP level 6. HP: 50/50 MP: 8/8
  3620 | D:4      | Found a runed translucent gate.
  3700 | D:4      | Found a runed translucent gate.
  3704 | D:4      | Found a runed translucent gate.
  3706 | D:4      | Noticed Persephone's ghost (amateur MiHu)
  4488 | D:5      | Reached skill level 7 in Unarmed Combat
  4728 | D:5      | Reached XP level 7. HP: 52/56 MP: 9/9
  5216 | D:5      | Reached skill level 8 in Unarmed Combat
  5371 | D:6      | Noticed Sigmund
  5405 | D:6      | Killed Sigmund
  5722 | D:6      | Reached skill level 9 in Unarmed Combat
  5939 | D:6      | Reached XP level 8. HP: 62/62 MP: 10/10
  6340 | D:6      | Reached skill level 10 in Unarmed Combat
  6510 | D:6      | Learned a level 5 spell: Blade Hands
  6551 | D:6      | Reached skill level 1 in Transmutations
  7124 | D:7      | Noticed a hornet
  7668 | D:7      | Reached skill level 11 in Unarmed Combat
  7668 | D:7      | Reached XP level 9. HP: 67/68 MP: 11/11
  8267 | D:8      | Succumbed to a killer bee's poison

Illustrated notes

Levels and vault maps discovered:
D:1:      minmay_arrival_five_plusses, layout_loops_ring,
          ebering_ecumenical_altar_ruins, nicolae_grassy_gnolls
D:2:      layout_basic
D:3:      layout_basic, lemuel_crystal_altar, chequers_serial_rivers_micro_d,
          dk_noncrumbling_4, uniq_ijyb
D:4:      layout_basic, xom_redecorated, minmay_temple_entry_from_below_a,
          ebering_ghost_rock_garden
D:5:      layout_basic, kennysheep_mini_moat, lemuel_tele_altar,
          nicolae_concentric_dashed_squares_mild, hellmonk_bongcloud_opening,
          minmay_statues_item
D:6:      layout_loops_ring, cheibriados_altar_1, bloody_makhleb, uniq_sigmund
D:7:      layout_gridville, chequers_serial_rivers_micro_c
D:8:      layout_loops_ring, yredelemnul_forgotten_temple_becter
Temple:   nicolae_temple_superstar

Skill      XL: |  1  2  3  4  5  6  7  8 |
---------------+-------------------------+-----
Unarmed Combat | 2 3 4 5 6 7 9 11 | 11.3
Transmutations | 3 |  3.5
Fighting       | |  2.8
Dodging        | |  1.7
Stealth        | |  4.5

Action                   |  1- 3 |  4- 6 |  7- 9 || total
-------------------------+-------+-------+-------++-------
Melee: Hand axe          |    17 |     3 |     2 ||    22
       Unarmed           |    13 |   249 |   266 ||   528
       Falchion          |    15 |    27 |    11 ||    53
       Punch             |       |    11 |    23 ||    34
 Fire: Sling             |     9 |    31 |     6 ||    46
       Arbalest          |       |       |    27 ||    27
Throw: Dart              |       |     9 |     7 ||    16
       Boomerang         |       |     2 |     6 ||     8
Evoke: Wand              |     1 |     1 |    19 ||    21
       Piece from Xom's  |       |       |     1 ||     1
  Use: Scroll            |     2 |       |       ||     2
       Potion            |     1 |       |       ||     1
 Stab: Sleeping          |     1 |    13 |       ||    14
       Distracted        |       |       |     2 ||     2
Armor: Leather armour    |     3 |    12 |       ||    15
       Scale mail        |       |    88 |   117 ||   205
Dodge: Dodged            |    41 |   120 |   137 ||   298

Table legend: (Time is in decaauts)
 A = Elapsed time spent in this place.
 B = Non-inter-level travel time spent in this place.
 C = Inter-level travel time spent in this place.
 D = Time resting spent in this place.
 E = Time spent auto-exploring this place.
 F = Levels seen in this place.
 G = Mean time per level.
                   A        B        C        D        E       F      G
               +--------+--------+--------+--------+--------+-----+--------+
         Total |   8219 |   7820 |    399 |   1126 |   4255 |   9 |  913.2 |
       Dungeon |   8159 |   7760 |    399 |   1078 |   4255 |   8 | 1019.9 |
        Temple |     59 |     59 |      0 |     48 |      0 |   1 |   59.0 |
               +--------+--------+--------+--------+--------+-----+--------+

Top non-repeatable levels by time:
     D:4: 1589 daAuts
     D:6: 1566 daAuts
     D:3: 1153 daAuts
     D:7: 1081 daAuts
     D:5: 990 daAuts
     D:2: 798 daAuts
     D:1: 757 daAuts
     D:8: 223 daAuts
  Temple: 59 daAuts
